[Event "Team 45 45 League T70"]
[Site "Internet Chess Club"]
[Date "2016.10.02"]
[Round "4"]
[White "rubo"]
[Black "MarcB"]
[Result "0-1"]
[WhiteElo "1615"]
[BlackElo "1573"]
[Opening "Sicilian: closed"]
[ECO "B23"]
[Time "21:06:36"]
[TimeControl "2700+45"]

1. e4 c5 2. Nc3 d6 3. f4 e6 4. Bc4 Nc6 5. Nf3 Nf6 6. e5 dxe5 7. fxe5 Ng4 8. Bb5
Bd7 9. d4 cxd4 10. Nxd4 Ngxe5 11. Be3 Be7 12. Nxc6 Bxc6 13. Qe2 O-O 14. Bxa7
Rxa7 15. Qxe5 Bf6 16. Qc5 Bxc3+ 17. bxc3 Qa5 18. Rb1 Rd8 19. O-O Rd5 20. Qe7 b6
21. Qxa7 Qxa7 22. Bxc6 b5+ 23. Kh1 Rd8 24. Rxb5 Qxa2 25. Rb7 Rf8 26. Be4 Qa6 27.
Rfb1 g6 28. Bd3 Qd6 29. h3 Kg7 30. Rf1 Qc6 31. Rfb1 Qxc3 32. Ra7 Qd4 33. Rbb7
Kf6 34. Rd7 Qf4 35. Ra1 Qe5 36. Raa7 Qc3 37. Rdc7 Qe1+ 38. Kh2 Qf2 39. Rcb7 Kg5
40. Rd7 h6 41. Ra5+ f5 42. Raa7 h5 43. Rg7 Qf4+ 44. Kg1 Rb8 45. Rgb7 Rxb7 46.
Rxb7 e5 47. c4 Qe3+ {White resigns} 0-1

[Event "Team 45 45 League T70"]
[Site "Internet Chess Club"]
[Date "2016.10.02"]
[Round "4"]
[White "JohLeb"]
[Black "nosir"]
[Result "0-1"]
[WhiteElo "1396"]
[BlackElo "1543"]
[Opening "QGD"]
[ECO "D43"]
[Time "18:00:43"]
[TimeControl "2700+45"]

1. d4 d5 2. c4 e6 3. Nf3 Nf6 4. Bg5 c6 5. Nc3 Be7 6. e3 dxc4 7. Bxc4 b5 8. Bb3
Nbd7 9. O-O O-O 10. Rc1 Bb7 11. Bc2 c5 12. dxc5 b4 13. Nb5 Bxc5 14. Bxf6 gxf6
15. Qd3 f5 16. Nfd4 a6 17. Nxf5 Nf6 18. Nbd6 Qb6 19. Nxb7 Qxb7 20. Rfd1 exf5 21.
Qxf5 Be7 22. Rd7 Qxd7 23. Qxd7 Nxd7 {White resigns} 0-1

[Event "Team 45 45 League T70"]
[Site "Internet Chess Club"]
[Date "2016.09.30"]
[Round "4"]
[White "Kingofknights"]
[Black "sdcohle"]
[Result "0-1"]
[WhiteElo "1476"]
[BlackElo "1525"]
[Opening "Old Indian defense"]
[ECO "A42"]
[Time "21:02:31"]
[TimeControl "2700+45"]

1. d4 d6 2. c4 c6 3. e4 Qc7 4. Nc3 e5 5. d5 Nf6 6. Nf3 Bg4 7. h3 Bxf3 8. Qxf3
Be7 9. Bd3 Nbd7 10. O-O Nc5 11. b4 Nxd3 12. Qxd3 a6 13. Be3 O-O 14. Rfd1 Rac8
15. Rac1 Rfd8 16. Na4 c5 17. bxc5 dxc5 18. Rb1 Rd6 19. f4 Nd7 20. f5 f6 21. Rb3
Qa5 22. Ra3 Qd8 23. Nc3 Nb8 24. Bd2 Nc6 25. Qg3 Nd4 26. Kf2 b5 27. cxb5 axb5 28.
Ne2 Nxe2 29. Kxe2 c4 30. Bb4 Rd7 31. Qe3 Bxb4 {White resigns} 0-1

[Event "Team 45 45 League T70"]
[Site "Internet Chess Club"]
[Date "2016.10.02"]
[Round "4"]
[White "Rbug"]
[Black "g8wrb"]
[Result "0-1"]
[WhiteElo "954"]
[BlackElo "1182"]
[Opening "French: exchange, Svenonius variation"]
[ECO "C01"]
[Time "10:00:41"]
[TimeControl "2700+45"]

1. e4 e6 2. d4 d5 3. exd5 exd5 4. Nc3 Nf6 5. Bg5 c6 6. Nf3 Be7 7. Bd3 Bg4 8. O-O
O-O 9. h3 Bh5 10. Na4 Nbd7 11. c4 Re8 12. g4 Bg6 13. Bxg6 fxg6 14. Bxf6 Bxf6 15.
cxd5 cxd5 16. Nc3 Nb6 17. g5 Bxg5 18. Nxg5 Qxg5+ 19. Qg4 Qf5 20. Qg2 Re7 21.
Rae1 Rae8 22. Rxe7 Rxe7 23. a4 a5 24. Qg4 h5 25. Qg3 Kh7 26. f4 Nc4 27. Qg2 Ne3
28. Qg5 Qxg5+ 29. fxg5 Nxf1 {White resigns} 0-1

[Event "Team 45 45 League T70"]
[Site "Internet Chess Club"]
[Date "2016.10.01"]
[Round "4"]
[White "clarinetref"]
[Black "zorori"]
[Result "1-0"]
[WhiteElo "1632"]
[BlackElo "1596"]
[Opening "Scotch: Potter variation"]
[ECO "C45"]
[Time "21:45:38"]
[TimeControl "2700+45"]

1. e4 e5 2. Nf3 Nc6 3. d4 exd4 4. Nxd4 Bc5 5. Nb3 Bb6 6. Nc3 h6 7. Nd5 Nf6 8.
Nxb6 axb6 9. f3 d6 10. Be2 Be6 11. c3 Qe7 12. Be3 d5 13. exd5 Nxd5 14. Bf2 Rd8
15. Qc2 Nf4 16. O-O O-O 17. Rfe1 Rfe8 18. Bf1 Qg5 19. Bg3 Nd5 20. Qf2 Bf5 21.
Bh4 Rxe1 22. Bxg5 Rxa1 23. Bxd8 Rxa2 24. Bh4 Nxc3 25. bxc3 Rxf2 26. Bxf2 Kf8 27.
Bg3 Be6 28. Nd4 Nxd4 29. cxd4 c6 30. Bd3 b5 31. Bd6+ Ke8 32. Kf2 Kd7 33. Bc5 Kc7
34. Bf8 g6 35. Bxh6 Kb6 36. Be3 Bd5 37. Be4 Bxe4 38. fxe4 Ka5 39. d5 b4 40. d6
b3 41. Bd4 c5 42. Bf6 b2 43. Bxb2 Kb6 44. e5 Kc6 45. Ke3 b6 46. h4 Kd7 47. g4 b5
48. h5 gxh5 49. gxh5 b4 50. h6 c4 51. Kd4 c3 52. Bxc3 bxc3 53. Kxc3 Ke6 54. h7
Kxe5 55. d7 f5 56. h8=Q+ Kf4 57. d8=Q Kf3 58. Qd3+ Kf4 59. Qh2+ Kg5 60. Qd8+ Kg4
61. Qdh4+ Kf3 62. Q4f4# {Black checkmated} 1-0

[Event "Team 45 45 League T70"]
[Site "Internet Chess Club"]
[Date "2016.10.01"]
[Round "4"]
[White "kausika"]
[Black "kutch"]
[Result "1/2-1/2"]
[WhiteElo "1390"]
[BlackElo "1481"]
[Opening "QGD Slav: 3.Nf3"]
[ECO "D11"]
[Time "10:01:34"]
[TimeControl "2700+45"]

1. d4 d5 2. c4 c6 3. Nf3 e6 4. e3 Nf6 5. Be2 Bd6 6. Nc3 Nbd7 7. Qc2 O-O 8. O-O
Re8 9. b3 e5 10. cxd5 cxd5 11. dxe5 Nxe5 12. Rd1 Bg4 13. Nxd5 Nxf3+ 14. gxf3 Bh3
15. Nf4 Bc8 16. Bb2 Qe7 17. Ng2 Bh3 18. Rd4 Rac8 19. Qd3 Red8 20. Rd1 Bc7 21.
Rxd8+ Rxd8 22. Qc2 Rxd1+ 23. Bxd1 Qd6 24. f4 Nd5 25. Be5 Qd7 26. Bxc7 Nxc7 27.
Bf3 Bxg2 28. Bxg2 b6 29. h3 Qe7 30. Bf1 g6 31. Bc4 b5 32. Bf1 Qd7 33. Qd3 Qxd3
34. Bxd3 b4 35. Bc4 Kg7 36. Kg2 Ne8 37. Kf3 f5 38. Ke2 Kf6 39. Kd3 Nd6 40. Ba6
Ne4 41. Kc4 Nxf2 42. h4 Nd1 43. Kxb4 Nxe3 44. Bb7 h6 45. Kc5 g5 46. fxg5+ hxg5
47. hxg5+ Kxg5 48. a4 Kf6 49. a5 Ke7 50. Kc6 f4 51. Kc7 Ke6 52. a6 Nd5+ 53. Kb8
f3 54. Bc8+ Kd6 55. Bh3 f2 56. Kxa7 Kc7 57. Ka8 Nb4 58. Bf1 Kb6 59. Kb8 Nxa6+
60. Kc8 Nc5 61. b4 Na6 62. b5 Nc7 63. Kd7 Nxb5 64. Ke6 Kc5 65. Ke5 Nc3 66. Kf4
Kd4 67. Kf3 Ne4 68. Ke2 {Game drawn by mutual agreement} 1/2-1/2

[Event "Team 45 45 League T70"]
[Site "Internet Chess Club"]
[Date "2016.09.30"]
[Round "4"]
[White "Aquaman"]
[Black "MartyJR"]
[Result "0-1"]
[WhiteElo "1357"]
[BlackElo "1407"]
[Opening "English: Caro-Kann defensive system"]
[ECO "A11"]
[Time "21:01:18"]
[TimeControl "2700+45"]

1. c4 c6 2. Nc3 d5 3. cxd5 cxd5 4. e3 Bf5 5. Nf3 Nc6 6. a3 Nf6 7. Be2 h6 8. O-O
e6 9. d4 Rc8 10. Bd2 Bd6 11. Nb5 Bb8 12. Rc1 a6 13. Nc3 O-O 14. b4 Qd6 15. g3
Ne4 16. Nxe4 dxe4 17. Nh4 Bh7 18. Rc5 Ba7 19. Rc2 Rfd8 20. Ng2 e5 21. dxe5 Qxe5
22. Qb1 Qe7 23. Rfc1 Rd7 24. Bg4 f5 25. Be2 Rcd8 26. Be1 Bb8 27. Bxa6 Ne5 28.
Be2 Nd3 29. Bxd3 exd3 30. Rd2 Qe4 31. Qb3+ Kh8 32. Rc4 Qe6 33. Qc3 Be5 34. Qc1
Bg8 35. Rc8 Qd6 36. Rxd8 Rxd8 37. Nh4 Qf6 38. Qd1 Bc4 39. f4 Bc3 40. Rf2 Bxe1
41. Qxe1 Kh7 42. Rd2 g6 43. Nf3 Qc3 44. Ne5 Bb5 45. g4 fxg4 46. Nxg4 h5 47. Nf6+
Qxf6 48. Qc1 Qe6 49. Kf2 Bc6 50. Qc3 Qd5 51. Kg3 Qf3+ 52. Kh4 Qxe3 53. Kg5 Rd5+
54. Kf6 Qxf4+ 55. Ke6 Qf5+ 56. Ke7 Re5+ 57. Kd6 Qe6+ 58. Kc7 Qd7+ 59. Kb6 Rb5+
60. Ka7 b6+ 61. Ka6 Qb7# {White checkmated} 0-1

[Event "Team 45 45 League T70"]
[Site "Internet Chess Club"]
[Date "2016.10.02"]
[Round "4"]
[White "Visin"]
[Black "Xbug"]
[Result "1-0"]
[WhiteElo "1266"]
[BlackElo "1033"]
[Opening "English: Sicilian reversed"]
[ECO "A25"]
[Time "10:00:18"]
[TimeControl "2700+45"]

1. c4 e5 2. Nc3 Nc6 3. e3 Bc5 4. g3 a6 5. Bg2 Nge7 6. Nge2 d6 7. a3 Be6 8. d3
O-O 9. b4 Ba7 10. b5 Na5 11. a4 Rb8 12. Bd2 c6 13. Rb1 c5 14. Ne4 Ng6 15. Qc2
Qc7 16. Nxd6 Qxd6 17. Bxa5 b6 18. Bc3 a5 19. O-O Rbd8 20. Rfd1 Qe7 21. Bb2 Rd6
22. d4 exd4 23. exd4 cxd4 24. Rxd4 Rfd8 25. Rbd1 Rxd4 26. Rxd4 Rxd4 27. Nxd4 Ne5
28. Qc3 Nxc4 29. Nc6 Qc7 30. Qxg7# {Black checkmated} 1-0

[Event "Team 45 45 League T70"]
[Site "Internet Chess Club"]
[Date "2016.10.02"]
[Round "4"]
[White "Gilguli"]
[Black "az2112"]
[Result "0-1"]
[WhiteElo "1467"]
[BlackElo "1612"]
[Opening "Sicilian defense"]
[ECO "B20"]
[Time "09:09:45"]
[TimeControl "2700+45"]

1. e4 c5 2. a3 d6 3. b4 b6 4. b5 Nf6 5. Bc4 Nbd7 6. Nc3 Bb7 7. d3 e6 8. Bg5 Be7
9. Nge2 h6 10. Bh4 d5 11. Bxf6 Nxf6 12. exd5 exd5 13. Bb3 d4 14. Nb1 O-O 15. Nd2
Bxg2 16. Rg1 Bd5 17. Nc4 Qc7 18. Qd2 Qxh2 19. O-O-O Bf3 20. Rde1 Ng4 21. Ng3 Bg5
22. Ne3 dxe3 23. fxe3 Qxd2+ 24. Kxd2 Rae8 25. Ne4 Bxe4 26. Rxg4 Bf5 27. Rg2 Be6
28. Kd1 Bxb3 29. cxb3 Rxe3 {White resigns} 0-1

[Event "Team 45 45 League T70"]
[Site "Internet Chess Club"]
[Date "2016.10.01"]
[Round "4"]
[White "idjit"]
[Black "QuieroAprender"]
[Result "0-1"]
[WhiteElo "1533"]
[BlackElo "1671"]
[Opening "Giuoco Pianissimo"]
[ECO "C55"]
[Time "20:37:50"]
[TimeControl "2700+45"]

1. e4 e5 2. Nf3 Nc6 3. Bc4 Nf6 4. d3 Bc5 5. c3 d5 6. exd5 Nxd5 7. O-O O-O 8. Re1
Re8 9. Bb5 Bd6 10. Nbd2 Bd7 11. Ne4 Bg4 12. Qb3 Nb6 13. Nxd6 cxd6 14. Ng5 Qc7
15. Be3 h6 16. Bxb6 Qxb6 17. Nxf7 Be6 18. Bc4 Qxb3 19. Bxb3 Bxf7 {White resigns}
0-1

[Event "Team 45 45 League T70"]
[Site "Internet Chess Club"]
[Date "2016.10.03"]
[Round "4"]
[White "Andressa"]
[Black "Gojira"]
[Result "0-1"]
[WhiteElo "1437"]
[BlackElo "1653"]
[Opening "Sicilian defense"]
[ECO "B30"]
[Time "22:18:25"]
[TimeControl "2700+45"]

1. e4 c5 2. Nf3 Nc6 3. Nc3 g6 4. Bc4 Bg7 5. O-O Nf6 6. Re1 O-O 7. a3 a6 8. Qe2
e6 9. d3 d5 10. exd5 exd5 11. Ba2 Bg4 12. Bf4 Qd7 13. Ne5 Nxe5 14. Qxe5 Ne4 15.
Qxd5 Nxc3 16. Qxd7 Bxd7 17. Bd6 Rfd8 18. bxc3 Bxc3 19. Re7 Be6 20. Bxe6 Rxd6 21.
Bxf7+ Kf8 22. Re8+ Rxe8 23. Bxe8 Bxa1 {White resigns} 0-1

[Event "Team 45 45 League T70"]
[Site "Internet Chess Club"]
[Date "2016.09.29"]
[Round "4"]
[White "guyd52"]
[Black "olivermx"]
[Result "1/2-1/2"]
[WhiteElo "1335"]
[BlackElo "1326"]
[Opening "Réti opening"]
[ECO "A04"]
[Time "18:01:41"]
[TimeControl "2700+45"]

1. Nf3 Nc6 2. g3 Nf6 3. Bg2 e5 4. d3 Bc5 5. O-O O-O 6. h3 d6 7. Nbd2 h6 8. e4
Be6 9. a3 Qd7 10. Kh2 a6 11. c4 Nd4 12. Nxd4 Bxd4 13. Nf3 Bb6 14. Qe2 c5 15. Qc2
Bd8 16. Be3 Be7 17. Rab1 Qd8 18. Qd2 Nh7 19. b4 Ng5 20. bxc5 Nxf3+ 21. Bxf3 dxc5
22. Rxb7 Re8 23. Rfb1 Qc8 24. Bg2 Qd8 25. Bf1 {Game drawn by mutual agreement}
1/2-1/2

[Event "Team 45 45 League T70"]
[Site "Internet Chess Club"]
[Date "2016.09.30"]
[Round "4"]
[White "Kandor"]
[Black "Just-Jim"]
[Result "1-0"]
[WhiteElo "1276"]
[BlackElo "1247"]
[Opening "Philidor's defense"]
[ECO "C41"]
[Time "18:02:01"]
[TimeControl "2700+45"]

1. e4 d6 2. Nf3 e5 3. d3 Be7 4. Nbd2 h6 5. g3 Nf6 6. Bg2 O-O 7. O-O Nc6 8. c3
Ng4 9. h3 Nf6 10. Qe2 Nh7 11. Kh2 g5 12. Re1 g4 13. Ng1 gxh3 14. Nxh3 Bg5 15.
Nf1 Nf6 16. Kg1 Bg4 17. f3 Bh5 18. g4 Bg6 19. Nxg5 hxg5 20. Bxg5 Kg7 21. Ng3 d5
22. Rad1 d4 23. c4 Qd6 24. a3 Qc5 25. b4 Qb6 26. Qf2 Nh7 27. Bh4 a5 28. b5 Nb8
29. f4 exf4 30. Qxf4 Nd7 31. e5 Qc5 32. Bxb7 Rab8 33. Bc6 Nb6 34. Nh5+ Bxh5 35.
Bf6+ Nxf6 36. exf6+ Kg8 37. Qh6 Qg5 38. Qxg5+ Bg6 39. Qh6 Bxd3 40. Qg7# {Black
checkmated} 1-0

[Event "Team 45 45 League T70"]
[Site "Internet Chess Club"]
[Date "2016.10.03"]
[Round "4"]
[White "rkjulianjr"]
[Black "Innes"]
[Result "0-1"]
[WhiteElo "1348"]
[BlackElo "1563"]
[Opening "QGD Slav defense: exchange variation"]
[ECO "D10"]
[Time "18:00:22"]
[TimeControl "2700+45"]

1. d4 d5 2. c4 c6 3. cxd5 cxd5 4. Bf4 Nc6 5. e3 Bf5 6. Qb3 b6 7. Bb5 Rc8 8. Nc3
e6 9. Nf3 Bd6 10. Ne5 Bxe5 11. Bxe5 f6 12. Bg3 Ne7 13. O-O O-O 14. Qd1 e5 15.
dxe5 fxe5 16. Be2 Be6 17. Bh4 Qe8 18. Bh5 Bf7 19. Bg4 Rd8 20. f4 d4 21. Ne4 Bd5
22. Ng5 Ng6 23. Qe1 exf4 24. e4 Bc4 25. Rf3 Nce5 26. Nxh7 Nxf3+ 27. Bxf3 Kxh7
28. Bh5 Bf7 29. Bg5 Qb5 30. Bxg6+ Kxg6 31. Bxf4 Qh5 32. Qg3+ Kh7 33. Be5 Bg6 34.
Rc1 d3 35. Rc7 Qd1+ {White resigns} 0-1

[Event "Team 45 45 League T70"]
[Site "Internet Chess Club"]
[Date "2016.09.30"]
[Round "4"]
[White "olivermx"]
[Black "Toalla"]
[Result "1/2-1/2"]
[WhiteElo "1322"]
[BlackElo "1235"]
[Opening "French: advance variation"]
[ECO "C01"]
[Time "12:19:57"]
[TimeControl "2700+45"]

1. e4 e6 2. d4 c5 3. c3 d5 4. e5 c4 5. Nf3 Be7 6. Be2 Nd7 7. O-O b5 8. Be3 Nh6
9. Nbd2 Nf8 10. Bxh6 gxh6 11. Re1 Ng6 12. Nf1 Bg5 13. Ng3 Nf4 14. Nxg5 Nxe2+ 15.
Qxe2 Qxg5 16. Qe3 Bd7 17. Qxg5 hxg5 18. Nh5 O-O-O 19. Reb1 g4 20. b3 Kc7 21.
bxc4 bxc4 22. Nf6 h5 23. Nxd7 Rxd7 24. Rb2 Rb8 25. Rab1 Rb6 26. g3 Kc6 27. Kg2
Rdb7 28. Rxb6+ Rxb6 29. Rxb6+ Kxb6 30. f3 Ka5 31. fxg4 hxg4 32. h3 gxh3+ 33.
Kxh3 Ka4 34. Kg4 Ka3 35. Kg5 Kxa2 36. Kf6 Kb3 37. Kxf7 a5 38. g4 a4 39. g5 a3
40. g6 a2 41. g7 a1=Q 42. g8=Q Qxc3 43. Kxe6 Qxd4 44. Qb8+ Kc2 45. Qd6 c3 46.
Qxd5 Qxd5+ 47. Kxd5 Kd3 48. e6 c2 49. e7 c1=Q 50. e8=Q Qh1+ 51. Kd6 Qh2+ 52. Kd7
Qh3+ 53. Qe6 Qxe6+ 54. Kxe6 {Game drawn because neither player has mating
material} 1/2-1/2

[Event "Team 45 45 League T70"]
[Site "Internet Chess Club"]
[Date "2016.10.02"]
[Round "4"]
[White "mongmong"]
[Black "Electryon"]
[Result "1/2-1/2"]
[WhiteElo "1470"]
[BlackElo "1408"]
[Opening "Queen's pawn game"]
[ECO "D02"]
[Time "10:05:55"]
[TimeControl "2700+45"]

1. d4 d5 2. Nf3 c6 3. e3 e6 4. Bd3 f5 5. Ne5 Nf6 6. O-O Bd6 7. f4 O-O 8. Nd2 Ne4
9. Ndf3 Nd7 10. Nxd7 Bxd7 11. Bxe4 fxe4 12. Ne5 Rf5 13. Bd2 Qe7 14. Qe2 Raf8 15.
c3 Be8 16. g4 R5f6 17. Qg2 Rh6 18. g5 Rh5 19. Qg4 Bxe5 20. dxe5 Bg6 21. Be1 Qf7
22. Bg3 Bf5 23. Qe2 {Game drawn by mutual agreement} 1/2-1/2

[Event "Team 45 45 League T70"]
[Site "Internet Chess Club"]
[Date "2016.09.28"]
[Round "4"]
[White "Aquaman"]
[Black "guyd52"]
[Result "0-1"]
[WhiteElo "1357"]
[BlackElo "1335"]
[Opening "English: Caro-Kann defensive system"]
[ECO "A11"]
[Time "20:01:47"]
[TimeControl "2700+45"]

1. c4 c6 2. Nc3 Nf6 3. g3 d5 4. cxd5 cxd5 5. e3 Bg4 6. Nf3 g6 7. Bg2 e5 8. Qa4+
Bd7 9. Qc2 Bf5 10. Qb3 Bg7 11. Nxe5 Nbd7 12. Nxd7 Qxd7 13. Qb5 O-O 14. Qxd7 Bxd7
15. Nxd5 Nxd5 16. Bxd5 Rab8 17. O-O Bb5 18. Re1 Bd3 19. Bg2 Rfc8 20. Bf1 Be4 21.
d3 Bf3 22. Bg2 Bg4 23. Rb1 Be6 24. b3 Rc2 25. a4 Rc3 26. d4 Rxb3 27. Rxb3 Bxb3
28. a5 Bf8 29. Bd2 b6 30. axb6 axb6 31. Rb1 Bc2 32. Rc1 Ba4 33. e4 b5 34. Bf4
Rd8 35. d5 b4 36. d6 Bxd6 37. Bg5 Rb8 38. Be3 Be5 39. f4 Bc3 40. e5 Bb2 41. Rb1
Bc3 42. Bc1 Bc2 43. Rb2 Bxb2 44. Bxb2 Rd8 45. Bf3 Rd2 46. Bc1 b3 47. Bxd2 b2 48.
Kf2 b1=Q {White resigns} 0-1

[Event "Team 45 45 League T70"]
[Site "Internet Chess Club"]
[Date "2016.10.01"]
[Round "4"]
[White "chips"]
[Black "GiantsFan"]
[Result "*"]
[WhiteElo "1177"]
[BlackElo "1148"]
[Opening "Polish (Sokolsky) opening"]
[ECO "A00"]
[Time "20:00:57"]
[TimeControl "2700+45"]

1. b4 e5 2. Bb2 d6 3. a3 Be6 4. e4 Nf6 5. d3 Nbd7 6. Nf3 Be7 7. Ng5 h6 8. Nxe6
fxe6 9. g3 c6 10. Bg2 Qc7 11. Bh3 Nf8 12. O-O g5 13. Bg2 O-O-O 14. Bc1 Kb8 15.
Be3 b6 16. Qd2 Ng4 17. Nc3 Nxe3 18. Qxe3 Nd7 19. Bh3 Nf8 20. Bg2 g4 {Game
adjourned when Black disconnected} *

[Event "Team 45 45 League T70"]
[Site "Internet Chess Club"]
[Date "2016.10.02"]
[Round "4"]
[White "artspir"]
[Black "stantheman59"]
[Result "0-1"]
[WhiteElo "1148"]
[BlackElo "1205"]
[Opening "Modern defense"]
[ECO "A40"]
[Time "15:01:57"]
[TimeControl "2700+45"]

1. d4 g6 2. Nf3 e6 3. Bf4 Bg7 4. e3 a6 5. Bd3 d6 6. c3 Qe7 7. Nbd2 e5 8. dxe5
dxe5 9. Bg3 Nc6 10. O-O Nf6 11. e4 Bg4 12. Qb3 b5 13. Rfe1 Rd8 14. a3 Rxd3 15.
h3 Bxf3 16. Nxf3 O-O 17. Rad1 Rxd1 18. Rxd1 Nxe4 19. Bh2 Qc5 20. Rf1 Rd8 21. Qc2
Qd5 22. g4 Qd3 23. Qxd3 Rxd3 24. Ng5 Nxg5 25. f4 Nf3+ 26. Kh1 Nxh2 27. Kxh2 exf4
28. Re1 Ne5 29. h4 Nf3+ {White resigns} 0-1

[Event "Team 45 45 League T70"]
[Site "Internet Chess Club"]
[Date "2016.10.01"]
[Round "4"]
[White "alexping"]
[Black "room-matt"]
[Result "0-1"]
[WhiteElo "1952"]
[BlackElo "1893"]
[Opening "Queen's bishop game"]
[ECO "D00"]
[Time "12:42:14"]
[TimeControl "2700+45"]

1. d4 d5 2. Bf4 Nf6 3. Nf3 e6 4. e3 c5 5. c3 Nc6 6. Bd3 Qb6 7. Qc1 c4 8. Bc2 Be7
9. O-O O-O 10. Nbd2 h6 11. Re1 Nh5 12. Be5 f6 13. Bg3 Nxg3 14. hxg3 e5 15. e4
Be6 16. exd5 Bxd5 17. Be4 Qd8 18. Qc2 b5 19. Bh7+ Kh8 20. dxe5 fxe5 21. Nxe5
Nxe5 22. Rxe5 Bf6 23. Rxd5 Qxd5 24. Be4 Qf7 25. Bxa8 Rxa8 26. Ne4 Qg6 27. a4 Re8
28. f3 Bd8 29. g4 Bb6+ 30. Kf1 h5 31. g5 a6 32. axb5 axb5 33. Rd1 Qf5 34. Qe2 h4
35. Rd6 h3 36. g4 Qf4 37. Rxb6 Qc1+ 38. Qe1 h2 39. Qxc1 h1=Q+ 40. Kf2 Qxc1 41.
Rxb5 Rd8 42. g6 Qc2+ 43. Kg3 Kg8 44. Rc5 Qxb2 45. Rxc4 Qb8+ 46. Kf2 Qh2+ 47. Ke3
Qg1+ 48. Ke2 Qd1+ 49. Kf2 Ra8 50. Rd4 Qh1 51. Rd5 Rf8 52. Nd2 Qh4+ 53. Kg2 Qf6
54. c4 Qxg6 55. Ne4 Qc6 56. Rc5 Qd7 57. Rd5 Qf7 58. Ng5 Qf4 59. c5 Qc4 60. Rd7
Ra8 61. Ne4 Kh7 62. Rd6 Rc8 63. Rd2 Kg6 64. Rd6+ Kh7 65. Rd2 Rf8 66. Rf2 Kg6 67.
Rb2 Qd3 68. Rb6+ Kh7 69. Ng5+ Kg8 70. Rd6 Qe2+ 71. Kg3 Qe5+ 72. Kh4 Qh2+ 73. Nh3
Kf7 74. Rd5 Ke6 75. Rf5 Rxf5 76. gxf5+ Kxf5 77. c6 g5+ 78. Kh5 Qxh3# {White
checkmated} 0-1

[Event "Team 45 45 League T70"]
[Site "Internet Chess Club"]
[Date "2016.09.29"]
[Round "4"]
[White "fishhead"]
[Black "bobhill"]
[Result "1-0"]
[WhiteElo "1797"]
[BlackElo "1856"]
[Opening "Sicilian"]
[ECO "B50"]
[Time "22:00:19"]
[TimeControl "2700+45"]

1. e4 c5 2. Nf3 d6 3. g3 Nc6 4. Bg2 g6 5. O-O Bg7 6. c3 Nf6 7. Re1 O-O 8. d4
cxd4 9. cxd4 Bg4 10. h3 Bd7 11. Nc3 Rc8 12. Be3 a6 13. Qd2 Na5 14. b3 Nc6 15. e5
dxe5 16. dxe5 Nh5 17. Rad1 Be6 18. g4 Nxe5 19. Nd4 Bxg4 20. hxg4 Nxg4 21. Bf3
Nhf6 22. Bxb7 Qc7 23. Bxc8 Rxc8 24. Nf3 Nxe3 25. Qxe3 Qxc3 26. Rc1 Nd5 27. Rxc3
Rxc3 28. Qe4 e6 29. Ng5 Nc7 30. Qf4 Rc6 31. Qxf7+ Kh8 32. Nxe6 Nxe6 33. Rxe6
Rc1+ 34. Kg2 h5 35. Re7 {Black resigns} 1-0

[Event "Team 45 45 League T70"]
[Site "Internet Chess Club"]
[Date "2016.09.19"]
[Round "4"]
[White "Goli"]
[Black "CaptK"]
[Result "0-1"]
[WhiteElo "1799"]
[BlackElo "1826"]
[Opening "French: exchange variation"]
[ECO "C01"]
[Time "15:08:22"]
[TimeControl "2700+45"]

1. e4 e6 2. d4 d5 3. exd5 exd5 4. Bd3 Nf6 5. Bg5 Be7 6. Nc3 c6 7. Qd2 h6 8. Bh4
Qb6 9. O-O-O O-O 10. Nf3 Bg4 11. Qf4 Bh5 12. Rde1 Bd8 13. Ne5 Ne4 14. Bxd8 Qxd8
15. Nxe4 dxe4 16. Qxe4 f5 17. Qe3 Nd7 18. f4 Nxe5 19. dxe5 Qd5 20. b3 Qxg2 21.
Rhg1 Qf3 22. Qd2 b5 23. Rg3 Qd5 24. Reg1 Rf7 25. Qe3 Re8 26. c4 Qd7 27. cxb5
cxb5 28. Kb1 Kh7 29. Qc5 a6 30. Qc2 g6 31. Be2 Bxe2 32. Qxe2 Re6 33. h4 h5 34.
Rg5 Qb7 35. R5g3 Qe4+ 36. Qxe4 fxe4 37. Rf1 Rxe5 38. Re3 Re6 39. Kc2 Rc7+ 40.
Kb2 Rc5 41. Rfe1 Rd6 42. R1e2 Rd4 43. Rxe4 Rxe4 44. Rxe4 Kg7 45. a4 Kf6 46. b4
Rd5 47. axb5 axb5 48. Kc3 Kf5 49. Rd4 Rxd4 50. Kxd4 Kxf4 51. Kc5 g5 52. hxg5
Kxg5 53. Kxb5 h4 54. Ka6 h3 55. b5 h2 56. b6 h1=Q 57. b7 Qc6+ 58. Ka7 Qa4+ 59.
Kb6 Qb4+ 60. Ka7 Qa5+ 61. Kb8 Kf5 62. Kc8 Qc5+ 63. Kd7 Qb6 64. Kc8 Qc6+ 65. Kb8
Ke6 66. Ka7 Qc7 67. Ka8 Qa5+ 68. Kb8 Kd6 {White resigns} 0-1

[Event "Team 45 45 League T70"]
[Site "Internet Chess Club"]
[Date "2016.10.01"]
[Round "4"]
[White "zap2"]
[Black "Beetlejuice"]
[Result "1-0"]
[WhiteElo "1757"]
[BlackElo "1771"]
[Opening "Sicilian defense"]
[ECO "B40"]
[Time "04:30:55"]
[TimeControl "2700+45"]

1. e4 c5 2. Nf3 e6 3. d3 Nc6 4. g3 g6 5. Bg2 d6 6. Nbd2 Bg7 7. c3 Nge7 8. O-O
O-O 9. h4 e5 10. Re1 f5 11. h5 h6 12. hxg6 Rb8 13. Nh4 f4 14. Qh5 Be6 15. g4 Rf6
16. Ndf3 Qe8 17. g5 hxg5 18. Nxg5 Nxg6 19. Qh7+ Kf8 20. Nxe6+ Qxe6 21. Nf5 Rf7
22. Bh3 Qf6 23. Kh2 Bh8 24. Qh6+ Ke8 25. Rg1 Nge7 26. Nxd6+ {Black resigns} 1-0

[Event "Team 45 45 League T70"]
[Site "Internet Chess Club"]
[Date "2016.09.30"]
[Round "4"]
[White "ChessRooklift"]
[Black "SlimeDog2"]
[Result "0-1"]
[WhiteElo "1746"]
[BlackElo "2069"]
[Opening "Nimzovich-Larsen attack: modern variation"]
[ECO "A01"]
[Time "21:03:34"]
[TimeControl "2700+45"]

1. b3 e5 2. e3 Nf6 3. Bb2 Nc6 4. c4 e4 5. a3 a5 6. Nc3 Bc5 7. d4 exd3 8. Bxd3
O-O 9. Nf3 b6 10. Qc2 h6 11. Rd1 Re8 12. Nb5 Ng4 13. O-O d6 14. Rfe1 Bb7 15. h3
Nge5 16. Be2 Qd7 17. Bc3 Re6 18. Qb2 Rg6 19. Bxe5 Qxh3 20. Bg3 Rxg3 21. Bf1 Rg6
22. Qc2 Qxf3 23. Qxg6 Qxd1 24. Qb1 Qg4 25. Be2 Qc8 26. Bf3 Ne5 27. Bxb7 Qxb7 28.
b4 axb4 29. axb4 Bxb4 30. Rd1 Bc5 {White resigns} 0-1

[Event "Team 45 45 League T70"]
[Site "Internet Chess Club"]
[Date "2016.10.01"]
[Round "4"]
[White "parrot9"]
[Black "tryanything"]
[Result "0-1"]
[WhiteElo "1684"]
[BlackElo "1603"]
[Opening "Scotch: Potter variation"]
[ECO "C45"]
[Time "06:09:56"]
[TimeControl "2700+45"]

1. e4 Nc6 2. d4 e5 3. Nf3 exd4 4. Nxd4 Bc5 5. Nb3 Bb6 6. Nc3 Nf6 7. Bg5 h6 8.
Bh4 d6 9. Qd2 Nxe4 10. Qf4 Ng5 11. Ne4 Qe7 12. Bd3 d5 13. O-O-O dxe4 14. Bxe4
O-O 15. Rhe1 Be6 16. Bf5 Qf6 17. Rxe6 fxe6 {White resigns} 0-1

[Event "Team 45 45 League T70"]
[Site "Internet Chess Club"]
[Date "2016.10.06"]
[Round "4"]
[White "losscause"]
[Black "az2112"]
[Result "1/2-1/2"]
[WhiteElo "1550"]
[BlackElo "1609"]
[Opening "Queen's pawn: Torre attack"]
[ECO "A46"]
[Time "21:00:49"]
[TimeControl "2700+45"]

1. d4 Nf6 2. Nf3 e6 3. Bg5 b6 4. e3 Be7 5. Be2 O-O 6. O-O Bb7 7. c4 d5 8. Nc3
Nbd7 9. Rb1 c5 10. cxd5 Nxd5 11. Bxe7 Qxe7 12. Nxd5 Bxd5 13. dxc5 Nxc5 14. b3
Rfd8 15. Qe1 Rac8 16. Nd2 e5 17. Bc4 Ba8 18. Qe2 Rd6 19. Rfd1 Rg6 20. f3 e4 21.
f4 Rd6 22. Nf1 Rcd8 23. Rxd6 Qxd6 24. Rb2 Nd3 25. Rd2 Qg6 26. Ng3 Qd6 27. Nf1
Kf8 28. Qh5 {Game drawn by mutual agreement} 1/2-1/2